Map: Radhuset Station LE

Players

SubN

  • Race: Zerg Zerg
  • League: Diamond
  • Spawn Location: 7:00

GoldenFinch - Winner!

  • Race: Protoss Protoss
  • League: Diamond
  • Spawn Location: 1:00

VOD

Have the link to the VOD?

Description

Time

  • Played on: Nov. 18, 2023, 7:18 p.m.
  • Length: 10:59
Show
View Real Time Build Order
Export as new Build Order

SubN Zerg 

Build Orders: Hatch First 

Get SALT Encoding   

  12  0:00  Drone  
  13  0:12  Overlord  
  13  0:17  Drone  
  14  0:30  Drone x2  
  16  0:51  Hatchery  
  16  0:56  Drone x2  
  17  1:01  Drone  
  18  1:08  Extractor  
  17  1:25  Drone, Spawning Pool  
  17  1:26  Drone  
  18  1:36  Drone  
  18  1:39  Drone  
  20  1:50  Overlord  
  20  2:12  Metabolic Boost, Queen x2  
  24  2:17  Zergling x2  
  24  2:19  Zergling x2  
  26  2:34  Drone x2  
  26  2:35  Drone x3  
  31  2:54  Hatchery  
  30  2:59  Queen  
  32  3:08  Drone x3  
  35  3:14  Overlord  
  35  3:20  Overlord  
  35  3:24  Drone  
  36  3:32  Drone x2  
  36  3:33  Drone x2  
  40  3:36  Queen  
  42  3:44  Spore Crawler  
  42  3:46  Spore Crawler  
  40  3:50  Spore Crawler  
  40  3:51  Drone  
  40  3:52  Spore Crawler  
  40  3:53  Drone  
  40  3:55  Drone  
  41  3:57  Drone  
  42  4:10  Drone x4  
  42  4:11  Drone x3  
  49  4:21  Overlord  
  49  4:24  Overlord  
  49  4:26  Queen  
  51  4:32  Drone x5  
  56  4:40  Lair  
  56  4:46  Overlord  
  56  4:50  Extractor  
  60  4:52  Drone x5  
  60  4:53  Drone x2, Extractor  
  60  4:59  Drone x2  
  63  5:08  Drone x3  
  66  5:14  Drone  
  66  5:17  Drone x3  
  70  5:23  Extractor  
  70  5:28  Drone x3, Spore Crawler x2  
  70  5:29  Spore Crawler  
  70  5:32  Drone x2  
  70  5:33  Drone  
  70  5:35  Overlord x2  
  72  5:48  Drone, Hydralisk Den  
  72  5:51  Infestation Pit  
  72  5:52  Overseer  
  71  5:59  Zergling x2  
  71  6:03  Drone, Extractor  
  72  6:04  Drone x3  
  72  6:05  Drone x2  
  72  6:08  Evolution Chamber x2  
  75  6:27  Overlord x2  
  75  6:34  Grooved Spines  
  75  6:36  Hive  
  75  6:40  Hydralisk  
  75  6:41  Hydralisk x3  
  75  6:44  Zerg Melee Weapons Level 1, Zerg Missile Weapons Level 1  
  82  6:48  Overlord x3  
  82  6:54  Drone  
  82  6:59  Drone  
  84  7:06  Hatchery  
  83  7:12  Drone  
  83  7:15  Zergling x2, Spore Crawler  
  84  7:16  Zergling x18  
  84  7:20  Drone, Lurker Den  
  84  7:21  Hatchery, Queen  
  94  7:24  Muscular Augments  
  94  7:30  Hydralisk x3  
  94  7:31  Hydralisk x5  
  110  7:45  Drone  
  110  7:48  Baneling Nest  
  110  7:50  Viper  
  113  7:55  Pneumatized Carapace  
  113  7:58  Hydralisk x3  
  113  8:04  Overlord x5  
  119  8:06  Overseer  
  119  8:09  Overlord x2  
  119  8:15  Drone  
  119  8:16  Drone  
  119  8:17  Drone  
  119  8:18  Overlord x2  
  122  8:24  Viper  
  125  8:28  Zergling x6  
  125  8:29  Zergling x4  
  125  8:31  Queen  
  125  8:33  Centrifugal Hooks  
  125  8:34  Queen  
  132  8:38  Viper  
  132  8:39  Extractor  
  136  8:49  Drone  
  136  8:50  Drone x7  
  136  8:53  Drone x3  
  136  8:54  Drone x4  
  151  8:57  Lurker  
  151  8:58  Lurker  
  151  9:01  Lurker  
  154  9:05  Zergling x2  
  154  9:07  Zergling x6  
  154  9:09  Drone x3  
  162  9:10  Drone x2  
  162  9:13  Extractor  
  162  9:14  Extractor  
  161  9:41  Drone x4  
  164  9:51  Viper  
  125  10:16  Hydralisk  
  125  10:17  Hydralisk x7  
  125  10:19  Zergling x2  
  125  10:20  Zergling x20  
  144  10:25  Hydralisk  
Show
View Real Time Build Order
Export as new Build Order

GoldenFinch Protoss - Winner!

Build Orders: 1 Gate Expand, Archon Immortal 

Get SALT Encoding   

  12  0:00  Probe  
  13  0:14  Probe  
  14  0:22  Pylon  
  14  0:31  Probe  
  15  0:42  Gateway  
  15  0:43  Probe  
  16  0:55  Probe (Chrono Boost), Assimilator  
  17  1:07  Probe (Chrono Boost)  
  18  1:12  Probe (Chrono Boost)  
  19  1:22  Probe (Chrono Boost)  
  20  1:32  Probe (Chrono Boost)  
  21  1:33  Nexus  
  21  1:37  Assimilator  
  21  1:41  Probe  
  22  1:52  Cybernetics Core  
  22  1:54  Probe  
  23  2:01  Pylon  
  23  2:19  Probe (Chrono Boost)  
  24  2:28  Stalker  
  24  2:29  Warp Gate  
  27  2:31  Probe (Chrono Boost)  
  27  2:36  Probe (Chrono Boost)  
  27  2:47  Probe (Chrono Boost)  
  29  2:51  Probe (Chrono Boost)  
  29  2:55  Probe (Chrono Boost)  
  29  2:58  Sentry  
  31  2:59  Probe (Chrono Boost)  
  31  3:01  Probe  
  31  3:04  Pylon  
  35  3:13  Probe x2 (Chrono Boost)  
  36  3:21  Stalker  
  36  3:23  Probe (Chrono Boost)  
  36  3:26  Probe (Chrono Boost)  
  40  3:28  Probe (Chrono Boost)  
  41  3:34  Probe  
  41  3:36  Robotics Facility  
  41  3:38  Gateway  
  41  3:39  Probe (Chrono Boost)  
  44  3:50  Probe (Chrono Boost)  
  44  3:51  Probe (Chrono Boost), Stalker  
  47  4:00  Probe (Chrono Boost)  
  47  4:01  Probe (Chrono Boost)  
  49  4:06  Probe  
  50  4:10  Probe, Nexus  
  50  4:13  Assimilator  
  51  4:17  Assimilator  
  51  4:18  Probe  
  51  4:20  Pylon  
  51  4:22  Pylon, Probe  
  53  4:24  Pylon  
  53  4:30  Probe  
  54  4:38  Probe  
  54  4:39  Stalker x2  
  54  4:42  Observer, Probe  
  61  4:51  Probe  
  62  4:54  Probe  
  63  5:00  Immortal  
  63  5:03  Probe (Chrono Boost)  
  63  5:06  Stalker  
  63  5:07  Stalker  
  73  5:08  Pylon  
  73  5:09  Probe (Chrono Boost)  
  73  5:10  Pylon  
  73  5:15  Probe (Chrono Boost)  
  73  5:19  Forge  
  73  5:20  Forge  
  75  5:23  Probe x2 (Chrono Boost)  
  75  5:24  Twilight Council  
  75  5:27  Probe (Chrono Boost)  
  77  5:30  Probe (Chrono Boost), Zealot  
  77  5:33  Probe (Chrono Boost)  
  81  5:38  Probe (Chrono Boost), Zealot  
  81  5:41  Probe (Chrono Boost)  
  86  5:44  Probe (Chrono Boost)  
  86  5:49  Immortal  
  90  5:51  Zealot  
  90  5:53  Protoss Ground Armor Level 1 (Chrono Boost), Probe x3, Protoss Ground Weapons Level 1 (Chrono Boost)  
  95  6:00  Charge  
  95  6:05  Probe x3  
  95  6:07  Templar Archives  
  98  6:17  Probe x2  
  98  6:18  Probe  
  101  6:24  Assimilator  
  101  6:25  Assimilator  
  101  6:29  Gateway x2, Probe  
  101  6:31  Gateway  
  102  6:34  Gateway  
  102  6:36  Gateway  
  102  6:39  Gateway  
  102  6:45  Zealot  
  102  6:46  Zealot  
  106  6:54  Gateway  
  106  6:57  Gateway  
  106  7:01  Gateway  
  106  7:03  Gateway  
  106  7:07  Probe x2  
  108  7:08  Gateway  
  108  7:17  Probe  
  108  7:21  Gateway x2  
  109  7:27  Pylon  
  109  7:30  Pylon  
  109  7:34  Pylon  
  109  7:37  Pylon  
  109  7:39  Pylon  
  109  7:42  Pylon  
  109  7:45  Immortal, Probe x3  
  109  7:50  Nexus  
  116  7:52  Pylon  
  116  7:53  High Templar x7  
  116  7:54  Pylon, High Templar  
  116  7:55  Protoss Ground Weapons Level 2 (Chrono Boost), High Templar x3  
  116  7:57  Archon, Assimilator  
  116  7:58  Archon x2  
  138  7:59  Archon, Protoss Ground Armor Level 2 (Chrono Boost)  
  138  8:00  Assimilator, Archon  
  138  8:11  Zealot x2  
  142  8:15  Probe x3 (Chrono Boost)  
  145  8:25  Probe x3 (Chrono Boost)  
  148  8:49  Nexus  
  148  8:56  Pylon  
  148  9:00  Psionic Storm, Pylon  
  148  9:02  Pylon  
  148  9:11  Zealot x11  
  148  9:12  Zealot x4  
  148  9:13  Immortal  
  180  9:35  High Templar x6  
  180  9:37  Zealot x4  
  200  9:39  Archon  
  200  9:40  Archon x2  
  198  10:08  Zealot x2  
  198  10:09  Zealot x2  
  186  10:20  Zealot x7  
  200  10:23  Photon Cannon  
  200  10:32  Shield Battery  
Tags
 
Add a new tag
Caveats
  • Supply blocks, unpowered buildings, or Contaminate may cause inaccurate times.
  • Supply counts are checked every 10 seconds.